 Dungeon Crawl Stone Soup version 0.31-a0-459-gc8a9bf3d51 (webtiles) character file.

Game seed: 2618142694541269614

414 MacCMillion the Ruffian (level 6, -3/53 HPs)
             Began as a Draconian Shapeshifter on Aug 4, 2023.
             Succumbed to a scorpion's poison
             ... on level 5 of the Dungeon.
             The game lasted 00:04:03 (3291 turns).

MacCMillion the Ruffian (Draconian Shapeshifter)    Turns: 3291, Time: 00:04:03

Health: -3/53      AC:  2    Str: 19    XL:     6   Next: 60%
Magic:  6/6        EV: 12    Int:  9    God:
Gold:   242        SH:  0    Dex: 11    Spells: 5/5 levels left

rFire   . .          .
                       - Unarmed
rCold   . . .        (no shield)
rNeg    . . .        (body armour unavailable)
rPois   .            (helmet currently unavailable)
rElec   .            (cloak currently unavailable)
rCorr   .            (gloves currently unavailable)
SInv    .            (boots currently unavailable)
Will    ++...        (no amulet)
Stlth   +            t - ring of willpower
HPRegen 0.28/turn    (no ring)
MPRegen 0.10/turn

%: no passive effects
@: brilliant, lethally poisoned (-3 -> -27), beast-form, corroded, enlightened,
flying
A: beast (slay +2), AC +6, unfitting armour, cold-blooded
a: Begin Untransformation


You were on level 5 of the Dungeon.
You were a hulking beast.
You visited 1 branch of the dungeon, and saw 5 of its levels.

You collected 242 gold pieces.

Inventory:

Armour
 q - a +0 pair of boots
Jewellery
 t - a ring of willpower (left hand)
Talismans
 b - a beast talisman (active)
Scrolls
 f - 2 scrolls of teleportation {unknown}
 h - a scroll of fog {unknown}
 i - a scroll of poison {unknown}
 j - a scroll of noise {unknown}
 n - a scroll of fear {unknown}
 r - 2 scrolls of immolation {unknown}
 s - a scroll of identify {unknown}
Potions
 a - a potion of lignification
 c - a potion of magic
 d - a potion of resistance {unknown}
 e - a potion of brilliance
 g - a potion of enlightenment
 k - a potion of degeneration {unknown}
 l - a potion of berserk rage {unknown}
 m - 4 potions of heal wounds {unknown}
 o - a potion of curing {unknown}
 p - a potion of might {unknown}


   Skills:
 + Level 4.3 Fighting
 - Level 1.7 Dodging
 * Level 6.3 Unarmed Combat
 - Level 3.0 Shapeshifting


You had 5 spell levels left.
You didn't know any spells.
Your spell library was empty.

Dungeon Overview and Level Annotations

Branches:
Dungeon (5/15)
 Temple: D:4-7

Altars:
Cheibriados
Qazlal
Ru
Uskayaw

Shops:
D:1 :   D:4 [


Innate Abilities, Weirdness & Mutations

You are a hulking beast.
Your limbs bulge with bestial killing power. (Slay +2)
Your plain brown scales are hard. (AC +6)
You cannot fit into any form of body armour.
You are cold-blooded and may be slowed by cold attacks.


Message History

The jelly hits you. The acid corrodes you!
You are splashed with acid!
You hit the jelly.
Your hands burn!
You tail-slap the jelly.
The jelly is severely wounded.
The jelly barely misses you.
You hit the jelly.
Your hands burn!
You tail-slap the jelly.
You kill the jelly!
You closely miss the scorpion. The scorpion closely misses you.
Unknown command.
You completely miss the scorpion. The scorpion stings you!
You barely miss the scorpion. The scorpion barely misses you.
You hit the scorpion.
You tail-slap the scorpion, but do no damage.
You punch the scorpion.
The scorpion is heavily wounded.
The scorpion stings you.
You are poisoned.
The scorpion poisons you!
You closely miss the scorpion.
The scorpion is heavily wounded.
You feel very sick. The scorpion stings you.
* * * LOW HITPOINT WARNING * * *
You are lethally poisoned!
The scorpion poisons you!
It was a potion of magic.
Magic courses through your body.
* * * LOW HITPOINT WARNING * * *
You feel very sick.
The scorpion stings you but does no damage.
It was a potion of brilliance.
You feel clever all of a sudden.
* * * LOW HITPOINT WARNING * * *
You feel very sick. The scorpion stings you.
* * * LOW HITPOINT WARNING * * *
You are more poisoned.
The scorpion poisons you! The scorpion closely misses you.
It was a potion of enlightenment.
You feel very buoyant.
You fly up into the air.
You die...

..... ...#...#.###
......# #..#.#.#...
......###.#.#....#.
#.............##...
#. #......######.#.
#. #......# #.#. #.
#......# #.##
#.##......## #.#
#.hs.......# #.#
######...#.# #)#
#.)s..# #.#
#....#J#......
#.####.####### ..
... #. .)...
....... ######
..J.....##.....


You could see a scorpion.

Vanquished Creatures
  A black bear (D:3)
  A scorpion (D:4)
  2 jellies
  2 iguanas
  4 adders
  A shadow imp (D:5)
  2 white imps (D:5)
  An ufetubus (D:4)
  A worm (D:2)
  2 dart slugs
  4 orcs
  9 endoplasms
  2 giant cockroaches
  6 goblins
  8 hobgoblins
  4 jackals (D:2)
  5 kobolds
  7 quokkas
  11 ball pythons
  4 bats
  A frilled lizard (D:2)
  3 rats
81 creatures vanquished.

Notes
Turn   | Place    | Note
-------+----------+-------------------------------------------
     0 | D:1      | MacCMillion the Draconian Shapeshifter began the quest for
                  | the Orb.
     0 | D:1      | Reached XP level 1. HP: 16/16 MP: 1/1
    16 | D:1      | Found a faded altar of an unknown god.
    20 | D:1      | Found Uxutwet's Book Shoppe.
   169 | D:1      | Reached XP level 2. HP: 17/23 MP: 2/2
   748 | D:2      | Reached XP level 3. HP: 29/29 MP: 3/3
   982 | D:2      | Reached skill level 4 in Unarmed Combat
  1195 | D:2      | Reached XP level 4. HP: 37/37 MP: 4/4
  1218 | D:2      | Found a snail-covered altar of Cheibriados.
  1950 | D:3      | Noticed a black bear
  1961 | D:3      | Killed a black bear
  1962 | D:3      | Reached skill level 5 in Unarmed Combat
  1962 | D:3      | Reached XP level 5. HP: 25/45 MP: 5/5
  2509 | D:4      | Found a hide-covered altar of Uskayaw.
  2669 | D:4      | Found a stormy altar of Qazlal.
  2738 | D:4      | Identified the +10 halberd "Gifa" {heavy, rPois rF- rCorr
                  | Str+3}
  2840 | D:4      | Reached skill level 6 in Unarmed Combat
  2840 | D:4      | Reached XP level 6. HP: 28/52 MP: 6/6
  2951 | D:4      | Found Vuxtirurr's Armour Shop.
  3116 | D:5      | Entered Level 5 of the Dungeon
  3215 | D:5      | Found a sacrificial altar of Ru.
  3290 | D:5      | HP: 2/53 [scorpion (2)]
  3291 | D:5      | Succumbed to a scorpion's poison

Illustrated notes

Levels and vault maps discovered:
D:1:      amcnicky_arrival_blooded_trapdoor, layout_rooms,
          ebering_ecumenical_altar_mist, serial_shops, nicolae_shop_peninsula
D:2:      layout_loops_ring, basic_altar
D:3:      layout_loops_ring, dk_vineyard_1, minmay_misc_feat_columns,
          serial_park_tiny_pond
D:4:      layout_cave_pools, nicolae_qazlal_general_emergency,
          mainiacjoe_overflow_catwalk, serial_shops, nicolae_stop_n_shop_1
D:5:      layout_basic, nicolae_ru_awakened_eye, yredelemnul_altar_generic,
          gup_sewer_entry_bowl, grunt_ministairs_1

Skill      XL: |  1  2  3  4  5 |
---------------+----------------+-----
Fighting       | 2 3 4 |  4.3
Unarmed Combat | 4 5 6 |  6.3
Dodging        | |  1.7
Shapeshifting  | |  3.0

Action                     |  1- 3 |  4- 6 || total
---------------------------+-------+-------++-------
  Melee: Unarmed           |    87 |   126 ||   213
         Tailslap          |     9 |    15 ||    24
         Punch             |       |     4 ||     4
    Use: Potion            |       |     3 ||     3
   Stab: Sleeping          |       |     1 ||     1
 Armour: Skin              |    21 |    38 ||    59
  Dodge: Dodged            |    35 |    63 ||    98

Table legend: (Time is in decaauts)
 A = Elapsed time spent in this place.
 B = Non-inter-level travel time spent in this place.
 C = Inter-level travel time spent in this place.
 D = Time resting spent in this place.
 E = Time spent auto-exploring this place.
 F = Levels seen in this place.
 G = Mean time per level.
                   A        B        C        D        E       F      G
               +--------+--------+--------+--------+--------+-----+--------+
         Total |   3275 |   3185 |     90 |    607 |   1963 |   5 |  655.0 |
       Dungeon |   3275 |   3185 |     90 |    607 |   1963 |   5 |  655.0 |
               +--------+--------+--------+--------+--------+-----+--------+

Top non-repeatable levels by time:
     D:3: 948 daAuts
     D:2: 897 daAuts
     D:4: 634 daAuts
     D:1: 628 daAuts
     D:5: 167 daAuts
